 Dungeon Crawl Stone Soup version 0.30-a0-1043-g60ff8d5f49 (webtiles) character file.

Game seed: 16224918188359145098

70 Arcadio the Grave Robber (level 4, -5/30 HPs)
             Began as a Human Necromancer on Apr 9, 2023.
             Slain by an iguana (13 damage)
             ... on level 3 of the Dungeon.
             The game lasted 00:05:08 (1962 turns).

Arcadio the Grave Robber (Human Necromancer)        Turns: 1962, Time: 00:05:09

Health: -5/30      AC:  2    Str:  8    XL:     4   Next: 45%
Magic:  3/8        EV: 12    Int: 24    God:
Gold:   33         SH:  0    Dex: 13    Spells: 4/8 levels left

rFire   . . .      SeeInvis .    a - +0 dagger
rCold   . . .      Faith    .    (no shield)
rNeg    . . .      Spirit   .    c - +0 robe
rPois   .          Reflect  .    (no helmet)
rElec   .          Rampage  .    (no cloak)
rCorr   .                        (no gloves)
Will    .....                    (no boots)
Stlth   ++                       (no amulet)
HPRegen 0.25/turn                h - +6 ring of intelligence
MPRegen 0.11/turn                (no ring)

@: very slightly contaminated
A: no striking features
a: no special abilities


You were on level 3 of the Dungeon.
You visited 1 branch of the dungeon, and saw 3 of its levels.

You collected 33 gold pieces.

Inventory:

Hand Weapons
 a - a +0 dagger (weapon)
 b - a +0 sling
Missiles
 f - 6 poisoned darts
Armour
 c - a +0 robe (worn)
 e - a +0 buckler
Jewellery
 h - a +6 ring of intelligence (left hand)
Wands
 j - a wand of roots (1)
Scrolls
 d - a scroll of poison {unknown}
 g - 2 scrolls of identify {unknown}
 i - 2 scrolls of blinking {unknown}
 l - a scroll of enchant weapon {unknown}
 m - a scroll of amnesia {unknown}
 n - a scroll of enchant armour {unknown}
 o - 2 scrolls of teleportation {unknown}
Potions
 k - a potion of magic


   Skills:
 + Level 3.0 Dodging
 - Level 2.0 Stealth
 + Level 2.8 Spellcasting
 + Level 4.5 Necromancy


You had 4 spell levels left.
You knew the following spells:

 Your Spells              Type           Power      Damage    Failure   Level
a - Necrotise             Necr           100%       1d9       1%          1
b - Vampiric Draining     Necr           25%        2d7       4%          3

Your spell library contained the following spells:

 Spells                   Type           Power      Damage    Failure   Level
 Blink                    Tloc           6%         N/A       17%         2
 Lesser Beckoning         Tloc           6%         N/A       17%         2
 Momentum Strike          Conj/Tloc      6%         3d8       17%         2
 Animate Dead             Necr           25%        N/A       17%         4
 Agony                    Necr           25%        N/A       43%         5


Dungeon Overview and Level Annotations

Branches:
Dungeon (3/15) Zot: 16028

Altars:
Xom

Shops:
D:2 (([*!

Annotations:
D:3 Jessica


Message History

Level annotation: Jessica
There is a stone staircase leading up here.
You open the door.
There is an open door here.
You open the door.
There is an open door here.
An iguana is nearby!
Okay, then.
The iguana hisses angrily.
The iguana bites you!
You hit the iguana but do no damage.
Casting: Necrotise (safe; 1% risk of failure)
Confirm with . or Enter, or press ? or * to list all spells.
Aiming: Necrotise (safe; 1% risk of failure)
Press: ? - help, Shift-Dir - straight line, f - iguana
Aim: an iguana (chance to affect: 88%)
The iguana writhes in agony.
Jessica shouts!
The iguana bites you.
Casting: Necrotise (safe; 1% risk of failure)
Confirm with . or Enter, or press ? or * to list all spells.
Aiming: Necrotise (safe; 1% risk of failure)
Press: ? - help, Shift-Dir - straight line, f/p - iguana
Aim: an iguana (moderately wounded, chance to affect: 88%)
You miscast Necrotise.
You are very lightly contaminated with residual magic.
Nothing appears to happen.
The iguana bites you!
* * * LOW HITPOINT WARNING * * *
Casting: Necrotise (safe; 1% risk of failure)
Confirm with . or Enter, or press ? or * to list all spells.
Okay, then.
Unknown command.
Casting: Necrotise (safe; 1% risk of failure)
Confirm with . or Enter, or press ? or * to list all spells.
Aiming: Vampiric Draining (dangerous; 4% risk of failure)
Press: ? - help, Shift-Dir - straight line, f/p - iguana
Aim: an iguana (moderately wounded)
You draw life force from the iguana!
You feel life coursing into your body. The iguana bites you!
You die...

.........
.......
.@.... ....
...
####"####
#....l..# .
####.#.@#
#.#......##
##...##.###
#...###'##
#.....#
#.....#
#.....#
####'##
..#######.#


You could see an iguana and Jessica.

Vanquished Creatures
  3 adders (D:2)
  4 worms (D:2)
  A dart slug (D:1)
  3 endoplasms
  2 giant cockroaches (D:2)
  3 goblins
  3 hobgoblins
  2 quokkas (D:1)
  3 ball pythons
  2 bats
  4 frilled lizards
  2 kobolds
  A rat (D:2)
33 creatures vanquished.

Notes
Turn   | Place    | Note
-------+----------+-------------------------------------------
     0 | D:1      | Arcadio the Human Necromancer began the quest for the Orb.
     0 | D:1      | Reached XP level 1. HP: 13/13 MP: 3/3
   146 | D:1      | Reached XP level 2. HP: 13/19 MP: 5/5
   940 | D:2      | Found a shimmering altar of Xom.
  1000 | D:2      | Found Focuxohe's Distillery.
  1012 | D:2      | Found Siaphav's General Store.
  1015 | D:2      | Found Metaah's Antique Armour Boutique.
  1058 | D:2      | Found Sihuo's Weapon Boutique.
  1075 | D:2      | Reached XP level 3. HP: 19/24 MP: 2/6
  1199 | D:2      | Found Elott's Weapon Boutique.
  1220 | D:2      | Found a faded altar of an unknown god.
  1415 | D:2      | Reached XP level 4. HP: 20/30 MP: 4/8
  1650 | D:2      | Learned a level 3 spell: Vampiric Draining
  1879 | D:3      | Noticed Jessica
  1962 | D:3      | Slain by an iguana

Illustrated notes

Levels and vault maps discovered:
D:1:      saegor_arrival_simple_c, layout_basic
D:2:      layout_basic, serial_shops, nicolae_shop_bloodbath_and_beyond, shop,
          shop, shop, shop, ebering_ecumenical_altar_hall, basic_altar
D:3:      layout_basic, uniq_sigmund, uniq_jessica

Skill      XL: |  1  2  3  4 |
---------------+-------------+-----
Dodging        | 3 |  3.0
Stealth        | |  2.0
Spellcasting   | |  2.8
Necromancy     | |  4.5

Action                     |  1- 3 |  4- 6 || total
---------------------------+-------+-------++-------
  Melee: Dagger            |    73 |    26 ||    99
         Punch             |     2 |       ||     2
   Fire: Sling             |    20 |    26 ||    46
   Cast: Necrotise         |    15 |     3 ||    18
         Vampiric Draining |       |     1 ||     1
   Stab: Sleeping          |     1 |       ||     1
 Armour: Robe              |    10 |     2 ||    12
  Dodge: Dodged            |    54 |    15 ||    69

Table legend: (Time is in decaauts)
 A = Elapsed time spent in this place.
 B = Non-inter-level travel time spent in this place.
 C = Inter-level travel time spent in this place.
 D = Time resting spent in this place.
 E = Time spent auto-exploring this place.
 F = Levels seen in this place.
 G = Mean time per level.
                   A        B        C        D        E       F      G
               +--------+--------+--------+--------+--------+-----+--------+
         Total |   1970 |   1920 |     50 |     10 |   1450 |   3 |  656.7 |
       Dungeon |   1970 |   1920 |     50 |     10 |   1450 |   3 |  656.7 |
               +--------+--------+--------+--------+--------+-----+--------+

Top non-repeatable levels by time:
     D:2: 996 daAuts
     D:1: 922 daAuts
     D:3: 52 daAuts
